 Dungeon Crawl Stone Soup version 0.32-a0-132-g2d33c3cfaf (webtiles) character file.

Game seed: 13389194657539507556

509 SmokeWeed the Poker (level 6, -1/53 HPs)
             Began as a Minotaur Fighter on Feb 10, 2024.
             Was an Initiate of Wu Jian.
             Slain by a lemure (8 damage)
             ... led by Pikel
             ... on level 4 of the Dungeon.
             The game lasted 00:06:09 (3380 turns).

SmokeWeed the Poker (Minotaur Fighter)              Turns: 3380, Time: 00:06:10

Health: -1/53      AC:  7    Str: 22    XL:     6   Next: 98%
Magic:  5/5        EV: 10    Int:  5    God:    Wu Jian [......]
Gold:   187        SH:  5    Dex: 10    Spells: 5/5 levels left

rFire   . . .        r - +7 rapier "Newtslayer" {heavy, rC++}
rCold   + + .        c - +0 buckler
rNeg    . . .        b - +0 scale mail
rPois   .            (helmet restricted)
rElec   .            (no cloak)
rCorr   .            (no gloves)
SInv    .            (no boots)
Will    .....        (no amulet) Stlth
                     h - +4 ring of slaying
HPRegen 0.28/turn    (no ring)
MPRegen 0.09/turn

%: no passive effects
@: mighty
A: horns 2, retaliatory headbutt
a: Renounce Religion


You were on level 4 of the Dungeon.
You worshipped Wu Jian.
Wu Jian was noncommittal.
You visited 2 branches of the dungeon, and saw 5 of its levels.

You collected 187 gold pieces.

Inventory:

Hand Weapons
 a - a +0 trident
 k - a +0 halberd
 r - the +7 rapier "Newtslayer" (weapon) {heavy, rC++}
   (You found it on level 3 of the Dungeon)

   rC++:      It greatly protects you from cold.
Armour
 b - a +0 scale mail (worn)
 c - a +0 buckler (worn)
Jewellery
 h - a +4 ring of slaying (left hand)
Scrolls
 g - 5 scrolls of teleportation
Potions
 d - a potion of might
 e - 5 potions of lignification
 f - 4 potions of curing
 i - a potion of enlightenment
 j - 2 potions of degeneration
 l - 2 potions of attraction
 n - a potion of berserk rage {unknown}
 o - a potion of invisibility {unknown}
 p - a potion of haste {unknown}
 q - 2 potions of mutation


   Skills:
 + Level 4.6 Fighting
 + Level 1.7 Short Blades
 + Level 5.6 Polearms
 + Level 5.2 Armour
 + Level 2.0 Dodging
 + Level 0.6 Stealth
 + Level 5.1 Shields


You had 5 spell levels left.
You didn't know any spells.
Your spell library contained the following spells:

 Spells                   Type           Power      Damage    Failure   Level
 Sandblast                Erth           0%         2d4       85%         1
 Sting                    Conj/Alch      0%         1d3       85%         1
 Lesser Beckoning         Tloc           0%         N/A       94%         2
 Gell's Gravitas          Tloc           0%         N/A       99%         3
 Teleport Other           Tloc           0%         N/A       99%         3


Dungeon Overview and Level Annotations

Branches:
Dungeon (4/15)             Temple (1/1) D:4

Altars:
Ashenzari
Cheibriados
Dithmenos
Elyvilon
Fedhas
Gozag
Hepliaklqana
Nemelex Xobeh
Okawaru
Ru
Sif Muna
Trog
Uskayaw
Vehumet
Wu Jian
Xom

Shops:
D:4 (

Annotations:
D:4 Pikel


Innate Abilities, Weirdness & Mutations

You have a pair of horns on your head.
You reflexively headbutt those who attack you in melee.


Message History

The lemure misses you. The lemure hits you. The lemure completely misses you.
Pikel hits you with a +1 whip of freezing.
You puncture Pikel! Your headbutt misses Pikel.
Pikel is heavily wounded.
Pikel closely misses you. You block the lemure's attack.
The lemure barely misses you. You furiously retaliate!
You headbutt the lemure! The lemure hits you.
The lemure hits you but does no damage.
Pikel hits you with a +1 whip of freezing!
The lemure barely misses you. The lemure closely misses you.
You furiously retaliate!
You headbutt the lemure!
Pikel says, "I'm sure they'll be treated well, anyway."
The lemure hits you. Pikel attacks as he pursues you!
Pikel hits you with a +1 whip of freezing.
A lemure comes into view.
The lemure shouts!
There is an open door here.
Okay, then.
You barely miss the lemure. You hit the lemure. You headbutt the lemure.
The lemure is heavily wounded.
You block the lemure's attack. The lemure hits you but does no damage.
The lemure hits you. The lemure closely misses you.
You puncture the lemure!
You kill the lemure!
That felt strangely unrewarding.
The lemure hits you. x2
* * * LOW HITPOINT WARNING * * *
The lemure hits you.
* * * LOW HITPOINT WARNING * * *
You feel very mighty all of a sudden. The lemure hits you but does no damage.
The lemure hits you!
* * * LOW HITPOINT WARNING * * *
You barely miss the lemure. Your headbutt misses the lemure.
You block the lemure's attack.
You impale the lemure!!
You kill the lemure!
That felt strangely unrewarding.
The lemure barely misses you. The lemure hits you but does no damage.
The lemure barely misses you. You furiously retaliate!
You headbutt the lemure! The lemure hits you!
You die...

......#
......############
####.............##
'...........#.....#
#.....#.....#.....#
#######.....###..######
.......########..##...#
.......#..............#
.......'.∩.....5@5....#
.......#..##.###g######
###....#..##'##.K..#
>.#....#......#....#
..#....#......#....#
#.#....#......'....#
..#....#####..#....#
#..........#..#....##+#..
..#####....#..#..........


You could see Pikel, 2 lemures and a hobgoblin.

Vanquished Creatures
  Duvessa (D:4)
  2 lemures (D:4)
  A bullfrog (D:4)
  Dowan (D:4)
  A jelly (D:4)
  An iguana (D:4)
  8 gnolls (D:2)
  8 adders
  2 ribbon worms
  2 dart slugs (D:1)
  2 orcs (D:3)
  3 bats
  13 endoplasms
  6 giant cockroaches
  7 goblins
  8 hobgoblins
  3 jackals (D:1)
  5 kobolds
  2 quokkas
  8 ball pythons
  2 frilled lizards (D:2)
  4 rats
90 creatures vanquished.

Notes
Turn   | Place    | Note
-------+----------+-------------------------------------------
     0 | D:1      | SmokeWeed the Minotaur Fighter began the quest for the Orb.
     0 | D:1      | Reached XP level 1. HP: 19/19 MP: 0/0
    94 | D:1      | Found a faded altar of an unknown god.
   145 | D:1      | Reached XP level 2. HP: 27/27 MP: 1/1
   805 | D:2      | Reached XP level 3. HP: 33/33 MP: 2/2
   985 | D:2      | Reached XP level 4. HP: 37/40 MP: 3/3
  1238 | D:2      | Reached skill level 1 in Dodging
  1238 | D:2      | Reached XP level 5. HP: 21/46 MP: 4/4
  1836 | D:3      | Found a shadowy altar of Dithmenos.
  1979 | D:3      | Reached skill level 5 in Shields
  2100 | D:3      | Found a blossoming altar of Fedhas.
  2105 | D:3      | Identified the +7 rapier "Newtslayer" {heavy, rC++}
  2699 | D:4      | Found a staircase to the Ecumenical Temple.
  2704 | Temple   | Entered the Ecumenical Temple
  2755 | Temple   | Became a worshipper of the Wu Jian Council
  2825 | D:4      | Found Vytedocy's Weapon Shoppe.
  2874 | D:4      | Reached skill level 5 in Polearms
  2879 | D:4      | Reached XP level 6. HP: 50/53 MP: 5/5
  3000 | D:4      | Found a bloodstained altar of Trog.
  3000 | D:4      | Noticed Duvessa
  3005 | D:4      | Killed Duvessa
  3006 | D:4      | Reached skill level 1 in Short Blades
  3006 | D:4      | Reached skill level 5 in Armour
  3071 | D:4      | Noticed Dowan
  3078 | D:4      | Killed Dowan
  3129 | D:4      | Found a shimmering blue altar of Sif Muna.
  3133 | D:4      | Got Sif Muna's Verses on the Petrified Catalyst
  3363 | D:4      | Noticed Pikel
  3380 | D:4      | Slain by a lemure

Illustrated notes

Levels and vault maps discovered:
D:1:      lightli_arrival_boilingwater, layout_loops_ring,
          shapermc_ecumenical_altar_mp_urbaneastern, serial_forest,
          infiniplex_forest_end_3, infiniplex_forest_clump_C,
          infiniplex_forest_end_1, infiniplex_forest_clump_tiny,
          infiniplex_forest_lined_room_, infiniplex_forest_lined_2,
          grunt_decor_resistance
D:2:      layout_loops_ring, dreamdust_mushroom_princess
D:3:      layout_basic, mainiacjoe_overflow_24_doors,
          mainiacjoe_overflow_alcove_4
D:4:      layout_gridville, nzn_overflow_gifts_of_might_and_magic,
          minmay_temple_entry_trees, serial_shops, shop, serial_glass,
          glass_columns_a, glass_columns_a, minivault_14, minmay_vboxes,
          uniq_pikel
Temple:   minmay_temple_forest_path

Skill      XL: |  1  2  3  4  5  6 |
---------------+-------------------+-----
Shields        | 4 5 |  5.1
Armour         | 4 5 |  5.2
Fighting       | 4 |  4.6
Polearms       | 3 4 5 |  5.6
Dodging        | 1 2 |  2.0
Short Blades   | 1 |  1.7
Stealth        | |  0.6

Action                     |  1- 3 |  4- 6 || total
---------------------------+-------+-------++-------
  Melee: Trident           |    85 |    93 ||   178
         Headbutt          |     8 |    13 ||    21
         Rapier            |       |    44 ||    44
Ability: Lunge             |       |     2 ||     2
    Use: Scroll            |     2 |     8 ||    10
         Potion            |       |     1 ||     1
 Armour: Scale mail        |    43 |    92 ||   135
  Dodge: Dodged            |    23 |    66 ||    89
  Block: Buckler           |    10 |    25 ||    35

Table legend: (Time is in decaauts)
 A = Elapsed time spent in this place.
 B = Non-inter-level travel time spent in this place.
 C = Inter-level travel time spent in this place.
 D = Time resting spent in this place.
 E = Time spent auto-exploring this place.
 F = Levels seen in this place.
 G = Mean time per level.
                   A        B        C        D        E       F      G
               +--------+--------+--------+--------+--------+-----+--------+
         Total |   3439 |   3287 |    152 |    137 |   2557 |   5 |  687.8 |
       Dungeon |   3354 |   3266 |     88 |    137 |   2557 |   4 |  838.5 |
        Temple |     84 |     20 |     64 |      0 |      0 |   1 |   84.0 |
               +--------+--------+--------+--------+--------+-----+--------+

Top non-repeatable levels by time:
     D:3: 1017 daAuts
     D:2: 894 daAuts
     D:1: 787 daAuts
     D:4: 654 daAuts
  Temple: 84 daAuts
